 Dungeon Crawl Stone Soup version 0.32-a0-42-ga30500b4d3 (webtiles) character file.

Game seed: 7233298404922344511

121 porpoise the Shooter (level 4, 0/34 HPs)
             Began as a Demonspawn Hexslinger on Feb 1, 2024.
             Slain by an iguana (11 damage)
             ... on level 4 of the Dungeon.
             The game lasted 00:07:04 (2451 turns).

porpoise the Shooter (Demonspawn Hexslinger)        Turns: 2451, Time: 00:07:05

Health: 0/34       AC:  3    Str:  8 (9)  XL:     4   Next: 77%
Magic:  5/5        EV: 12    Int: 10 (13) God:
Gold:   0          SH:  0    Dex: 15 (17) Spells: 5/5 levels left

rFire   + . .        a - +1 sling
rCold   . . .        (no shield)
rNeg    + . .        b - +0 robe
rPois   .            l - +0 helmet
rElec   .            (no cloak)
rCorr   .            (no gloves)
SInv    .            (no boots)
Will    .....        (no amulet)
Stlth   +            p - ring of protection from fire
HPRegen 0.25/turn    s - ring of positive energy
MPRegen 0.09/turn

%: no passive effects
@: no status effects
A: claws 2, hooves 1
a: no special abilities


You were on level 4 of the Dungeon.
You visited 1 branch of the dungeon, and saw 4 of its levels.

You collected 205 gold pieces.
You spent 205 gold pieces at shops.

Inventory:

Hand Weapons
 a - a +1 sling (weapon)
 c - a +0 short sword
Missiles
 k - 5 curare-tipped darts
Armour
 b - a +0 robe (worn)
 l - a +0 helmet (worn)
Magical Staves
 t - a staff of fire
Jewellery
 p - a ring of protection from fire (left claw)
 s - a ring of positive energy (right claw)
Scrolls
 f - a scroll of teleportation
 g - a scroll of enchant armour
 h - a scroll of poison
 j - a scroll of blinking
 o - 3 scrolls of amnesia
 q - a scroll of fear
Potions
 d - 5 potions of degeneration
 e - a potion of mutation
 i - 2 potions of haste
 m - a potion of heal wounds
 n - a potion of might
 r - a potion of magic


   Skills:
 - Level 2.3 Fighting
 - Level 3.3 Ranged Weapons
 - Level 1.7 Dodging
 * Level 2.0 Unarmed Combat
 - Level 1.0 Spellcasting
 - Level 3.0 Hexes
 - Level 0.8 Fire Magic


You had 5 spell levels left.
You didn't know any spells.
Your spell library contained the following spells:

 Spells                   Type           Power      Damage    Failure   Level
 Jinxbite                 Hex            12%        N/A       16%         2
 Sigil of Binding         Hex            6%         N/A       30%         3
 Inner Flame              Hex/Fire       4%         N/A       43%         3
 Cause Fear               Hex            3%         N/A       69%         4
 Dimensional Bullseye     Hex/Tloc       1%         N/A       88%         4


Dungeon Overview and Level Annotations

Branches:
Dungeon (4/15)
 Temple: D:4-7

Altars:

Shops:
D:3 =[??:


Innate Abilities, Weirdness & Mutations

You have very sharp fingernails.
You have large cloven feet.


Message History

An iguana comes into view.
You shoot a sling bullet.
The sling bullet completely misses the iguana.
The iguana hisses angrily.
You shoot a sling bullet.
The sling bullet hits the iguana but does no damage.
You shoot a sling bullet.
The sling bullet hits the iguana but does no damage.
You shoot a sling bullet.
The sling bullet barely misses the iguana.
You shoot a sling bullet.
The sling bullet hits the iguana but does no damage.
You shoot a sling bullet.
The sling bullet hits the iguana but does no damage.
The iguana barely misses you.
You shoot a sling bullet. The sling bullet hits the iguana.
The iguana is lightly wounded.
The iguana misses you. The iguana bites you!
You shoot a sling bullet.
The sling bullet hits the iguana but does no damage.
The iguana is lightly wounded.
The iguana bites you.
You shoot a sling bullet.
The sling bullet barely misses the iguana.
The iguana bites you.
You are too injured to fight recklessly!
You are too injured to fight recklessly!
You are too injured to fight recklessly!
You are too injured to fight recklessly!
You shoot a sling bullet. The sling bullet hits the iguana.
The iguana is moderately wounded.
The iguana closely misses you.
You shoot a sling bullet. The sling bullet hits the iguana.
The iguana is heavily wounded.
The iguana bites you.
* * * LOW HITPOINT WARNING * * *
You shoot a sling bullet. The sling bullet hits the iguana.
The iguana is almost dead.
The iguana bites you!
You die...

## #
#.#####.#
#.......#.#
#@†......
#l###.#..
#<# #.# #.#
#.# #.# #.#
#..


You could see an iguana.

Vanquished Creatures
  A howler monkey (D:4)
  2 adders (D:2)
  4 dart slugs
  2 ribbon worms (D:2)
  An orc (D:3)
  5 ball pythons
  3 bats
  5 endoplasms
  4 giant cockroaches
  4 goblins
  3 hobgoblins
  2 jackals (D:3)
  3 kobolds
  2 quokkas (D:1)
  5 frilled lizards
  2 rats
48 creatures vanquished.

Notes
Turn   | Place    | Note
-------+----------+-------------------------------------------
     0 | D:1      | porpoise the Demonspawn Hexslinger began the quest for the
                  | Orb.
     0 | D:1      | Reached XP level 1. HP: 15/15 MP: 2/2
   113 | D:1      | Discovered your monstrous ancestry.
   113 | D:1      | Gained mutation: You have sharp fingernails. [demonic
                  | ancestry]
   113 | D:1      | Reached XP level 2. HP: 21/21 MP: 3/3
   757 | D:2      | Gained mutation: You have large cloven feet. [demonic
                  | ancestry]
   757 | D:2      | Reached XP level 3. HP: 25/27 MP: 4/4
  1080 | D:2      | HP: 1/27 [frilled lizard (1)]
  1593 | D:3      | Gained mutation: You have very sharp fingernails. [demonic
                  | ancestry]
  1593 | D:3      | Reached XP level 4. HP: 29/33 MP: 5/5
  1653 | D:3      | Found a faded altar of an unknown god.
  1678 | D:3      | Found Ryeck's Armour Shoppe.
  1680 | D:3      | Found Sotesum's Jewellery Emporium.
  2041 | D:3      | Found Ateng's Book Boutique.
  2041 | D:3      | Noticed a walking frostbound tome
  2042 | D:3      | Noticed a walking divine tome
  2156 | D:3      | Found Tunineag's Magic Scroll Shop.
  2161 | D:3      | Bought a scroll of identify for 26 gold pieces
  2161 | D:3      | Bought a scroll of identify for 26 gold pieces
  2161 | D:3      | Bought a scroll of identify for 26 gold pieces
  2161 | D:3      | Bought a scroll of identify for 26 gold pieces
  2161 | D:3      | Bought a scroll of identify for 26 gold pieces
  2290 | D:3      | Found Vexzal's Magic Scroll Shoppe.
  2293 | D:3      | Bought a scroll of blinking for 75 gold pieces
  2451 | D:4      | Slain by an iguana

Illustrated notes

Levels and vault maps discovered:
D:1:      dpeg_arrival_arbitrary_c, layout_basic, minmay_misc_feat_tower
D:2:      layout_loops_ring, minmay_misc_feat_x, minmay_heptomino_o4
D:3:      layout_loops_cross, hellmonk_ecumenical_altar_zigzags, serial_shops,
          shop, nicolae_shop_rolled_up, nicolae_shop_mannequins, shop,
          nicolae_shop_hallway_plus
D:4:      layout_basic, chequers_temple_overflow_statue_of_worship,
          minmay_temple_entry_hall, serial_shops,
          nicolae_shop_just_a_little_nook, nicolae_ossuary_entry_monument,
          minmay_snake_closets

Skill      XL: |  1  2  3  4 |
---------------+-------------+-----
Ranged Weapons | 2 3 |  3.3
Fighting       | 2 |  2.3
Unarmed Combat | 2 |  2.0
Dodging        | |  1.7
Spellcasting   | |  1.0
Hexes          | |  3.0
Fire Magic     | |  0.8

Action                     |  1- 3 |  4- 6 || total
---------------------------+-------+-------++-------
  Melee: Unarmed           |       |    27 ||    27
         Kick              |       |     4 ||     4
   Fire: Sling             |   115 |    32 ||   147
    Use: Potion            |     3 |       ||     3
         Scroll            |       |     8 ||     8
 Armour: Robe              |    30 |    18 ||    48
  Dodge: Dodged            |    40 |    25 ||    65

Table legend: (Time is in decaauts)
 A = Elapsed time spent in this place.
 B = Non-inter-level travel time spent in this place.
 C = Inter-level travel time spent in this place.
 D = Time resting spent in this place.
 E = Time spent auto-exploring this place.
 F = Levels seen in this place.
 G = Mean time per level.
                   A        B        C        D        E       F      G
               +--------+--------+--------+--------+--------+-----+--------+
         Total |   2461 |   2354 |    107 |    212 |   1756 |   4 |  615.2 |
       Dungeon |   2461 |   2354 |    107 |    212 |   1756 |   4 |  615.2 |
               +--------+--------+--------+--------+--------+-----+--------+

Top non-repeatable levels by time:
     D:2: 851 daAuts
     D:3: 826 daAuts
     D:1: 743 daAuts
     D:4: 40 daAuts
